 Dungeon Crawl Stone Soup version 0.30-a0-760-g5a9884bb7c (webtiles) character file.

Game seed: 17631071813149595757

53 vineage the Trooper (level 3, -1/26 HPs)
             Began as a Gargoyle Fighter on Feb 10, 2023.
             Killed from afar by Natasha (6 damage)
             ... with a magic dart
             ... on level 2 of the Dungeon.
             The game lasted 00:00:53 (744 turns).

vineage the Trooper (Gargoyle Fighter)               Turns: 744, Time: 00:00:54

Health: -1/26      AC: 12    Str: 21    XL:     3   Next: 89%
Magic:  3/3        EV:  9    Int:  8    God:
Gold:   81         SH:  4    Dex:  9    Spells: 2/2 levels left

rFire   . . .      SeeInvis .    a - +0 flail
rCold   . . .      Faith    .    c - +0 buckler
rNeg    + . .      Spirit   .    b - +0 scale mail
rPois   ∞          Reflect  .    k - +0 helmet
rElec   +          Harm     .    (no cloak)
rCorr   .          Rampage  .    e - +0 pair of gloves
Will    .....                    (no boots) Stlth
                                 (no amulet)
HPRegen 0.24/turn                (no ring)
MPRegen 0.08/turn                (no ring)

@: no status effects
A: sickness immunity, AC +3, negative energy resistance 1, electricity
resistance, torment resistance 1, petrification resistance
a: no special abilities


You were on level 2 of the Dungeon.
You visited 1 branch of the dungeon, and saw 2 of its levels.

You collected 81 gold pieces.

Inventory:

Hand Weapons
 a - a +0 flail (weapon)
Armour
 b - a +0 scale mail (worn)
 c - a +0 buckler (worn)
 e - a +0 pair of gloves (worn)
 k - a +0 helmet (worn)
Jewellery
 f - a +6 ring of intelligence
Scrolls
 h - a scroll of identify
Potions
 d - 2 potions of might
 g - a potion of invisibility
 i - a potion of cancellation {unknown}


   Skills:
 + Level 5.1 Fighting
 - Level 2.0 Maces & Flails
 - Level 3.2 Armour
 - Level 3.2 Shields


You had 2 spell levels left.
You didn't know any spells.
Your spell library was empty.

Dungeon Overview and Level Annotations

Branches:
Dungeon (2/15)

Altars:

Annotations:
D:2 Natasha


Innate Abilities, Weirdness & Mutations

You are immune to sickness and miasma.
Your stone body is resilient. (AC +3)
You are immune to poison.
You resist negative energy. (rN+)
You are resistant to electric shocks. (rElec)
You are resistant to unholy torment.
You are immune to petrification.


Message History

You are too injured to fight recklessly!
You are too injured to fight recklessly!
You are too injured to fight recklessly!
You are too injured to fight recklessly!
You closely miss Natasha.
Natasha casts a spell.
The shadow imp gestures at you. Pain shoots through your body!
You sock Natasha!
Natasha is severely wounded.
Natasha claws you but does no damage.
The shadow imp hits you but does no damage.
The white imp gestures at you.
The puff of frost hits you but does no damage.
You block Natasha's attack.
You barely miss Natasha.
Natasha is severely wounded.
You block the shadow imp's attack. The white imp barely misses you.
Natasha closely misses you.
The shadow imp hits you but does no damage.
You hit Natasha.
Natasha is almost dead.
The white imp hits you but does no damage.
Natasha barely misses you.
The shadow imp hits you but does no damage.
The white imp gestures at you. The puff of frost hits you.
Natasha closely misses you.
You hit Natasha but do no damage.
Natasha is almost dead.
The shadow imp gestures at you. Pain shoots through your body!
The white imp barely misses you.
Natasha stares at you and mumbles some strange words.
The magic dart hits you.
* * * LOW HITPOINT WARNING * * *
You closely miss Natasha.
Natasha is almost dead.
The shadow imp disappears in a puff of smoke!
The white imp hits you but does no damage.
Natasha casts a spell at you. The magic dart hits you.
You die...

## #####.#+######
............. #####
#............ # #...#
#............
#.##...####......######
#................#
#....§.5.........######
#....h@.......†..#.....
#..........#####.#.####
#..........#####.#.####
#......................
#.......)).#####.......
#..........# #.......
#..........# #.......
...........# #.......
....[...# ###.####


You could see Natasha and a white imp (summoned).

Vanquished Creatures
  Robin (D:2)
  An adder (D:2)
  A dart slug (D:1)
  2 bats (D:1)
  2 endoplasms (D:1)
  A giant cockroach (D:2)
  7 goblins (D:2)
  4 hobgoblins (D:2)
  3 kobolds
  2 quokkas
  3 ball pythons (D:1)
  A frilled lizard (D:2)
  A rat (D:1)
29 creatures vanquished.

Notes
Turn   | Place    | Note
-------+----------+-------------------------------------------
     0 | D:1      | vineage the Gargoyle Fighter began the quest for the Orb.
     0 | D:1      | Reached XP level 1. HP: 14/14 MP: 1/1
    85 | D:1      | Reached XP level 2. HP: 19/20 MP: 2/2
   126 | D:1      | Reached skill level 4 in Fighting
   215 | D:1      | You fall into a shaft and drop 1 floor!
   285 | D:2      | Noticed Robin
   303 | D:2      | Reached XP level 3. HP: 24/24 MP: 3/3
   323 | D:2      | Killed Robin
   461 | D:2      | Found a faded altar of an unknown god.
   658 | D:2      | Reached skill level 5 in Fighting
   722 | D:2      | Noticed Natasha
   744 | D:2      | Killed from afar by Natasha

Illustrated notes

Levels and vault maps discovered:
D:1:      spicycebolla_arrival_risky_transporter, layout_rooms
D:2:      layout_basic, shapermc_ecumenical_altar_acropolis,
          minmay_heptomino_d4, uniq_natasha, uniq_robin

Skill      XL: |  1  2  3 |
---------------+----------+-----
Fighting       | 4 5 |  5.1
Maces & Flails | |  2.0
Armour         | |  3.2
Shields        | |  3.2

Action                     || total
---------------------------++-------
  Melee: Flail             ||   115
    Use: Scroll            ||     3
 Armour: Scale mail        ||    87
  Dodge: Dodged            ||    61
  Block: Buckler           ||    27

Table legend: (Time is in decaauts)
 A = Elapsed time spent in this place.
 B = Non-inter-level travel time spent in this place.
 C = Inter-level travel time spent in this place.
 D = Time resting spent in this place.
 E = Time spent auto-exploring this place.
 F = Levels seen in this place.
 G = Mean time per level.
                   A        B        C        D        E       F      G
               +--------+--------+--------+--------+--------+-----+--------+
         Total |    782 |    766 |     16 |      0 |    523 |   2 |  391.0 |
       Dungeon |    782 |    766 |     16 |      0 |    523 |   2 |  391.0 |
               +--------+--------+--------+--------+--------+-----+--------+

Top non-repeatable levels by time:
     D:2: 556 daAuts
     D:1: 225 daAuts
